 Dungeon Crawl Stone Soup version 0.29.0-4-gdea44cf6ec (webtiles) character file.

Game seed: 1902304713584539466

22 qw the Chopper (level 2, -1/21 HPs)
             Began as a Barachi Chaos Knight on Sept 4, 2022.
             Succumbed to an adder's poison
             ... on level 2 of the Dungeon.
             The game lasted 00:00:22 (1117 turns).

qw the Chopper (Barachi Chaos Knight)               Turns: 1117, Time: 00:00:22

Health: -1/21      AC:  5    Str: 12    XL:     2   Next: 91%
Magic:  2/2        EV: 10    Int:  9    God:
Gold:   53         SH:  0    Dex: 15    Spells: 1/1 levels left

rFire   . . .      SeeInvis .   Y - +0 hand axe (chaos)
rCold   . . .      Faith    .   (no shield)
rNeg    . . .      Spirit   .   e - +0 ring mail
rPois   .          Reflect  .   (no helmet)
rElec   .          Harm     .   (no cloak)
rCorr   .          Rampage  .   (no gloves)
Will    .....                   (no boots)
Stlth   +.........              (no amulet)
HPRegen 0.07/turn               (no ring)
MPRegen 0.08/turn               (no ring)

@: lethally poisoned (-1 -> -8), slow
A: amphibious, slowness 1, strong legs 1, +LOS, agile 1, dopey 1, frail 1, sense
surroundings 1
a: Hop


You were on level 2 of the Dungeon.
You visited 1 branch of the dungeon, and saw 2 of its levels.

You collected 53 gold pieces.


Innate Abilities, Weirdness & Mutations

You are amphibious.
You cover ground slowly.
You can hop short distances.
You have an extended range of vision and can be seen from far away.
You are agile. (Dex +4, Str/Int -1)
You are dopey. (Int -2)
You are frail. (-10% HP)
You passively map a small area around you.


   Skills:
 - Level 3.6 Fighting
 + Level 4.4 Axes
 - Level 0.3 Throwing
 - Level 2.4 Armour
 - Level 1.1 Dodging


You had one spell level left.
You didn't know any spells.
Your spell library was empty.

Inventory:

Hand Weapons
 Y - a +0 hand axe of chaos (weapon)
Armour
 e - a +0 ring mail (worn)
Jewellery
 a - a +6 ring of intelligence
Potions
 d - a potion of ambrosia {unknown}
 f - a potion of mutation {unknown}
 h - a potion of heal wounds {unknown}
Miscellaneous
 c - a piece from Xom's chessboard (15/15)

Dungeon Overview and Level Annotations

Branches:
Dungeon (2/15)

Altars:


Message History

You feel sick. The adder closely misses you.
The adder bites you but does no damage.
You hit the adder.
The adder resists with some effort.
The adder is heavily wounded.
You feel sick. The adder barely misses you.
You hit the adder but do no damage.
The adder is heavily wounded.
You feel sick.
You are no longer poisoned.
The adder bites you but does no damage.
You miss the adder.
The adder is heavily wounded.
The adder barely misses you. x2
You barely miss the adder.
The adder is heavily wounded.
The adder misses you.
You closely miss the adder.
The adder is heavily wounded.
The adder bites you.
You are poisoned.
The adder poisons you! The adder bites you but does no damage.
You barely miss the adder.
The adder is heavily wounded.
You feel sick. The adder bites you.
You miss the adder.
The adder is heavily wounded.
You feel sick. The adder closely misses you.
You closely miss the adder.
The adder is heavily wounded.
You feel sick. The adder bites you. The adder bites you but does no damage.
You miss the adder.
The adder is heavily wounded.
You feel sick.
You are no longer poisoned.
The adder bites you.
You are lethally poisoned!
The adder poisons you!
You hit the adder. You burn the adder.
You kill the adder!
You die...

,....#.
####......#.# ,
.[. *
##....##.####.
## , . * ,
##....<........
, * ..,
##......##..#
,(..
#..........# , *
#...#.##.#.#####
.... #......#
###..#......# ,
*#...%@.....# ,
#.....%.....# ,
#...........:.#
,
..(...#.......#
.....##.>......#
, , , ,.$...
........... *
....
,.####.####. , *
, ...# .. .# ..
* .. .., , ,,


There were no monsters in sight!

Vanquished Creatures
  An adder (D:2)
  A dart slug (D:1)
  2 bats (D:2)
  2 endoplasms
  2 giant cockroaches (D:1)
  2 hobgoblins
  2 kobolds (D:1)
  2 ball pythons (D:1)
  2 frilled lizards (D:1)
  2 rats
18 creatures vanquished.

Vanquished Creatures (collateral kills)
  A ball python (D:1)
1 creature vanquished.

Grand Total: 19 creatures vanquished

Notes
Turn   | Place    | Note
-------+----------+-------------------------------------------
     0 | D:1      | qw the Barachi Chaos Knight began the quest for the Orb.
     0 | D:1      | Reached XP level 1. HP: 18/18 MP: 1/1
     0 | D:1      | 0 ||| qw: Version: 0.1-a-103-gd6f5d3a
     0 | D:1      | 0 ||| qw: Game counter: 5372
     0 | D:1      | 0 ||| qw: Always use a shield: true
     0 | D:1      | 0 ||| qw: God list: Okawaru
     0 | D:1      | 0 ||| qw: Allow faded altars: false
     0 | D:1      | 0 ||| qw: Do Orc after D:15 true
     0 | D:1      | 0 ||| qw: Do second Lair branch before Depths: true
     0 | D:1      | 0 ||| qw: Lair rune preference: random
     0 | D:1      | 0 ||| qw: Plans: Normal
     0 | D:1      | 0 ||| PLANNING D:1-11
     0 | D:1      | Fell from the grace of Xom
    64 | D:1      | XOM: 1-stop teleportation journey
   401 | D:1      | 401 ||| UPGRADING to +0 ring mail.
   403 | D:1      | 403 ||| Stepping ~*~*~tactically~*~*~ (stealth).
   411 | D:1      | Reached XP level 2. HP: 22/24 MP: 2/2
   430 | D:1      | 430 ||| UPGRADING to +0 ring mail.
   440 | D:1      | 440 ||| DROPPING +2 leather armour.
   639 | D:1      | Reached skill level 4 in Axes
   869 | D:1      | 869 ||| READING scroll labelled SOADOREIPS.
   999 | D:1      | 999 ||| READING scroll labelled LAUZE PEWYE.
  1026 | D:2      | 1026 ||| STAIRDANCE
  1029 | D:1      | XOM: give mutations
  1029 | D:1      | Gained mutation: You are dopey. (Int -2) [Xom's mischief]
  1029 | D:1      | Gained mutation: You are agile. (Dex +4, Str/Int -1) [Xom's
                  | mischief]
  1029 | D:1      | Gained mutation: You passively map a small area around you.
                  | [Xom's mischief]
  1029 | D:1      | Gained mutation: You are frail. (-10% HP) [Xom's mischief]
  1066 | D:2      | XOM: god gift: 2 silver javelins
  1115 | D:2      | HP: 5/21 [poisoned by an adder]
  1116 | D:2      | HP: 1/21 [adder (2)]
  1117 | D:2      | Succumbed to an adder's poison

Levels and vault maps discovered:
D:1:      erik_arrival_cave_to_civilisation [erik_arrival_cave_to_hall],
          layout_loops_ring, serial_rivers, chequers_serial_rivers_micro_d,
          chequers_serial_rivers_small_b, chequers_serial_rivers_large_a,
          chequers_serial_rivers_micro_a, chequers_serial_rivers_small_b,
          chequers_serial_rivers_micro_b
D:2:      layout_rooms

Skill      XL: |  1  2 |
---------------+-------+-----
Axes           | 4 |  4.4
Fighting       | |  3.6
Throwing       | |  0.3
Armour         | |  2.4
Dodging        | |  1.1

Action                   || total
-------------------------++-------
Melee: Hand axe          ||    51
Throw: Javelin           ||     3
Invok: Renounce Religion ||     1
  Use: Scroll            ||     2
Armor: Leather armour    ||     2
       Ring mail         ||    12
Dodge: Dodged            ||    34

Table legend:
 A = Non-vault XP
 B = Vault XP
 C = Vault XP percentage of total XP
 D = Non-vault monster count
 E = Vault monster count
 F = Vault count percentage of total count
                 A         B        C        D         E       F
            +---------+---------+-------+---------+---------+-------
      Total |      43 |       2 |   4.4 |      17 |       2 |  10.5
            +---------+---------+-------+---------+---------+-------
        D:1 |      22 |       2 |   8.3 |      11 |       2 |  15.4
        D:2 |      21 |       0 |   0.0 |       6 |       0 |   0.0
            +---------+---------+-------+---------+---------+-------
